 Dungeon Crawl Stone Soup version 0.22.1-2-g9c5b331 (webtiles) character file.

392 Gearfox the Magician (level 6, 0/32 HPs)
             Began as a Deep Elf Venom Mage on Dec 12, 2018.
             Slain by a gnoll
             ... wielding a +0 spear
              (2 damage)
             ... on level 3 of the Dungeon.
             The game lasted 00:07:51 (3223 turns).

Gearfox the Magician (Deep Elf Venom Mage)          Turns: 3223, Time: 00:07:51

Health: 0/32       AC:  5    Str:  5    XL:     6   Next: 50%
Magic:  6/17       EV: 13    Int: 22    God:
Gold:   150        SH:  0    Dex: 15    Spells: 12/18 levels left

rFire    . . .     SeeInvis .   h - +0 scythe
rCold    . . .     Gourm    .   (shield currently unavailable)
rNeg     . . .     Faith    .   a - +1 robe
rPois    .         Spirit   .   (no helmet)
rElec    .         Reflect  .   f - +0 cloak
rCorr    .         Harm     .   i - +0 pair of gloves
MR       .....                  (no boots)
Stlth    ++........             (no amulet)
HPRegen  0.10/turn              (no ring)
MPRegen  0.15/turn              (no ring)

@: no status effects
A: no striking features
a: no special abilities


You were on level 3 of the Dungeon.
You were not hungry.

You visited 1 branch of the dungeon, and saw 3 of its levels.

You collected 150 gold pieces.

Inventory:

Hand Weapons
 h - a +0 scythe (weapon)
Armour
 a - a +1 robe (worn)
 f - a +0 cloak (worn)
 i - a +0 pair of gloves (worn)
Wands
 b - a wand of acid (8)
Scrolls
 e - 4 scrolls of teleportation
 k - a scroll of random uselessness {unknown}
 l - a scroll of identify {unknown}
Potions
 g - a potion of curing {unknown}
 j - a potion of haste
Comestibles
 c - 5 rations


   Skills:
 - Level 2.4 Dodging
 - Level 2.4 Stealth
 * Level 6.7 Spellcasting
 + Level 1.4 Conjurations
 + Level 1.9 Air Magic
 * Level 5.7 Poison Magic


You had 12 spell levels left.
You knew the following spells:

 Your Spells              Type           Power        Failure   Level  Hunger
a - Sting                 Conj/Pois      ###.         1%          1    None
b - Poisonous Vapours     Pois/Air       ###...       2%          2    None
c - Mephitic Cloud        Conj/Pois/Air  ###.....     8%          3    #......

Your spell library contained the following spells:

 Spells                   Type           Power        Failure   Level  Hunger
 Olgreb's Toxic Radiance  Pois           ####....     9%          4    ###....
 Venom Bolt               Conj/Pois      ###.......   47%         5    #####..


Dungeon Overview and Level Annotations

Branches:
Dungeon (3/15)

Altars:


Message History

Aiming: Poisonous Vapours (safe; 2% risk of failure)
Press: ? - help, Dir - move target cursor, f/p - gnoll
Aim: a gnoll, wielding a club (heavily wounded, poisoned) Poisonous vapours surround the gnoll!
The gnoll is engulfed in poison gas.
The gnoll looks even sicker.
The gnoll closely misses you. The gnoll misses you.
Your magical contamination has completely faded away.
You kill the gnoll!
The gnoll hits you but does no damage.
The gnoll hits you from afar with a spear.
* * * LOW HITPOINT WARNING * * *
Casting: Poisonous Vapours (safe; 2% risk of failure)
Confirm with . or Enter, or press ? or * to list all spells.
Aiming: Poisonous Vapours (safe; 2% risk of failure)
Press: ? - help, Dir - move target cursor, f - gnoll
Aim: a gnoll, wielding a spear Poisonous vapours surround the gnoll!
The gnoll is engulfed in poison gas.
The gnoll is poisoned.
The gnoll hits you from afar with a spear.
You die...

#.#.##.#<...!.
#.#.##.#.#####
#.#.##.#.# # #.#.##.#.#
# #......#.# #
###.####.#####
#...........
###########..###.##.##
#....@...##.รท..#.##.##
#.#.......##.#........
#....g).##.###.##.##
#.......##.###.#..[#
#.......##..)..#...#
#.......########...#
.#..>....# #...#
.......[.#### #....
...##.#.#..)#####....


You could see a gnoll.

Vanquished Creatures
  Sigmund (D:2)
  A bullfrog (D:2)
  Jessica (D:3)
  An orc wizard (D:2)
  2 gnolls (D:3)
  3 adders
  2 worms (D:2)
  A leopard gecko (D:3)
  3 orcs (D:2)
  A bat (D:1)
  3 giant cockroaches
  5 goblins
  7 hobgoblins
  6 jackals
  5 kobolds
  A quokka (D:3)
  6 frilled lizards
  8 rats
57 creatures vanquished.

Notes
Turn   | Place    | Note
-------+----------+-------------------------------------------
     0 | D:1      | Gearfox the Deep Elf Venom Mage began the quest for the
                  | Orb.
     0 | D:1      | Reached XP level 1. HP: 10/10 MP: 6/6
   428 | D:1      | Reached XP level 2. HP: 15/15 MP: 6/8
   432 | D:1      | Learned a level 2 spell: Poisonous Vapours
  1083 | D:2      | Noticed Sigmund
  1125 | D:2      | HP: 1/22 [something (2)]
  1127 | D:2      | Killed Sigmund
  1127 | D:2      | Reached skill level 5 in Spellcasting
  1127 | D:2      | Reached skill level 1 in Air Magic
  1127 | D:2      | Reached skill level 5 in Poison Magic
  1127 | D:2      | Reached XP level 3. HP: 2/19 MP: 1/11
  1127 | D:2      | Reached XP level 4. HP: 3/24 MP: 1/13
  1127 | D:2      | Reached XP level 5. HP: 3/28 MP: 1/14
  1424 | D:2      | Learned a level 3 spell: Mephitic Cloud
  2074 | D:2      | Reached skill level 6 in Spellcasting
  2074 | D:2      | Reached XP level 6. HP: 13/32 MP: 13/17
  2779 | D:3      | Noticed Jessica
  2783 | D:3      | Killed Jessica
  3223 | D:3      | Slain by a gnoll

Skill      XL: |  1  2  3  4  5 |
---------------+----------------+-----
Spellcasting   | 5 6 |  6.7
Air Magic      | 1 |  1.9
Poison Magic   | 5 |  5.7
Dodging        | |  2.4
Stealth        | |  2.4
Conjurations   | |  1.4

Action                   |  1- 3 |  4- 6 || total
-------------------------+-------+-------++-------
Melee: Unarmed           |     1 |     2 ||     3
       Scythe            |       |     2 ||     2
 Cast: Sting             |    13 |     9 ||    22
       Poisonous Vapours |    14 |    56 ||    70
  Use: Scroll            |     5 |     1 ||     6
       Potion            |     4 |       ||     4
  Eat: Ration            |     1 |     1 ||     2
Armor: Robe              |     2 |    19 ||    21
       Skin              |     5 |       ||     5
Dodge: Dodged            |    10 |    47 ||    57
